 Dungeon Crawl Stone Soup version 0.20.1-1-g8b1a95d (webtiles) character file.

32 Linguinho the Sneak (level 3, -2/27 HPs)
             Began as a Demonspawn Assassin on Oct 29, 2017.
             Slain by a worker ant (3 damage)
             ... on level 5 of the Dungeon.
             The game lasted 00:03:02 (1108 turns).

Linguinho the Sneak (Demonspawn Assassin)           Turns: 1108, Time: 00:03:03

Health: -2/27      AC:  4    Str: 11    XL:     3   Next: 10%
Magic:  3/3        EV: 11    Int: 12    God:
Gold:   11         SH:  0    Dex: 17    Spells: 2/2 levels left

rFire    . . .     SeeInvis .   (no weapon)
rCold    . . .     Gourm    .   (no shield)
rNeg     . . .     Faith    .   i - +0 leather armour
rPois    .         Spirit   .   (no helmet)
rElec    .         Reflect  .   d - +0 cloak
rCorr    .         Harm     .   (no gloves)
MR       .....                  (no boots)
Stlth    +++.......             (no amulet)
Regen    0.1/turn               (no ring)
MPRegen  0.1/turn               (no ring)

@: lethally poisoned (-2 -> -3)
A: claws 1, thin skeletal structure 1
a: no special abilities


You were on level 5 of the Dungeon.
You were hungry.

You visited 1 branch of the dungeon, and saw 5 of its levels.

You collected 11 gold pieces.

Inventory:

Hand Weapons
 a - a +2 dagger
 b - a +0 blowgun
 j - a +0 short sword
Missiles
 e - 8 poisoned needles
 f - 2 curare-tipped needles
Armour
 c - a +0 robe
 d - a +0 cloak (worn)
 i - a +0 leather armour (worn)
Jewellery
 n - an uncursed ring of fire {unknown}
Scrolls
 l - a scroll of identify {unknown}
 o - a scroll of fear {unknown}
Potions
 h - a potion of brilliance {unknown}
 m - a potion of lignification {unknown}
Comestibles
 g - a bread ration
 k - 2 meat rations


   Skills:
 + Level 2.2 Fighting
 - Level 1.9 Short Blades
 - Level 1.7 Throwing
 * Level 0.3 Armour
 * Level 1.0 Dodging
 * Level 4.2 Stealth
 * Level 0.5 Unarmed Combat


You had 2 spell levels left.
You didn't know any spells.

Dungeon Overview and Level Annotations

Branches:
Dungeon (5/15)
 Temple: D:4-7

Altars:

Annotations:
D:2 Robin
D:3 Sigmund


Innate Abilities, Weirdness & Mutations

You have sharp fingernails.
You have a somewhat thin skeletal structure. (Dex +2, Stealth)


Message History

* * * LOW HITPOINT WARNING * * *
The worker ant bites you.
* * * LOW HITPOINT WARNING * * *
You barely miss the worker ant. The worker ant closely misses you.
You scratch the worker ant but do no damage.
The worker ant closely misses you.
You closely miss the worker ant.
The worker ant bites you but does no damage.
You scratch the worker ant but do no damage.
* * * LOW HITPOINT WARNING * * *
You feel sick.
The worker ant bites you but does no damage.
You scratch the worker ant.
The worker ant is moderately wounded.
The worker ant bites you but does no damage.
The worker ant barely misses you.
You scratch the worker ant.
The worker ant is moderately wounded.
The worker ant bites you.
You die... . .##########.... ....Z..@a....o. .#.#####.##.... .# . .# ##

You could see a worker ant, an orc (sleeping) and a worker ant zombie.

Vanquished Creatures
  An adder (D:2)
  2 giant cockroaches (D:1)
  9 goblins
  3 hobgoblins
  3 frilled lizards
  3 kobolds
21 creatures vanquished.

Notes
Turn   | Place    | Note
-------+----------+-------------------------------------------
     0 | D:1      | Linguinho the Demonspawn Assassin began the quest for the Orb.
     0 | D:1      | Reached XP level 1. HP: 16/16 MP: 1/1
   263 | D:1      | You fall through a shaft!
   526 | D:2      | Reached skill level 4 in Stealth
   623 | D:2      | Reached skill level 1 in Dodging
   623 | D:2      | Gained mutation: You have sharp fingernails. [demonic ancestry]
   623 | D:2      | Reached XP level 2. HP: 17/22 MP: 2/2
   707 | D:2      | Noticed Robin
   737 | D:2      | Gained mutation: You have a somewhat thin skeletal structure. (Dex +2, Stealth) [demonic ancestry]
   737 | D:2      | Reached XP level 3. HP: 3/27 MP: 3/3
   741 | D:2      | HP: 1/27 [giant cockroach (2)]
   760 | D:2      | HP: 1/27 [giant cockroach (2)]
   763 | D:3      | Noticed Sigmund
  1101 | D:5      | Entered Level 5 of the Dungeon
  1106 | D:5      | HP: 1/27 [poisoned by a worker ant]
  1108 | D:5      | Slain by a worker ant

Skill      XL: |  1 |
---------------+----+-----
Stealth        | 4 |  4.2
Dodging        | 1 |  1.0
Fighting       | |  2.2
Short Blades   | |  1.9
Throwing       | |  1.7
Armour         | |  0.3
Unarmed Combat | |  0.5

Action                   || total
-------------------------++-------
Melee: Dagger            ||    32
       Unarmed           ||    39
 Stab: Sleeping          ||     2
Armor: Leather armour    ||    17
       Robe              ||     3
Dodge: Dodged            ||    55
